 Dungeon Crawl Stone Soup version 0.31.0-11-ge490571c62 (webtiles) character file.

Game seed: 13608747812971287253

10 dialectric the Trooper (level 2, -3/24 HPs)
             Began as a Demonspawn Fighter on Jan 29, 2024.
             Slain by Terence
             ... wielding a +0 mace
              (8 damage)
             ... on level 2 of the Dungeon.
             The game lasted 00:00:28 (658 turns).

dialectric the Trooper (Demonspawn Fighter)          Turns: 658, Time: 00:00:28

Health: -3/24      AC:  6    Str: 16    XL:     2   Next: 10%
Magic:  2/2        EV:  9    Int:  8    God:
Gold:   88         SH:  0    Dex: 12    Spells: 1/1 levels left

rFire   . . .        a - +0 trident
rCold   . . .        (no shield)
rNeg    . . .        b - +0 scale mail
rPois   .            (no helmet)
rElec   .            (no cloak)
rCorr   .            (no gloves)
SInv    .            (no boots)
Will    .....        (no amulet) Stlth
                     (no ring)
HPRegen 0.24/turn    (no ring)
MPRegen 0.08/turn

%: no passive effects
@: no status effects
A: demonic guardian 1
a: no special abilities


You were on level 2 of the Dungeon.
You visited 1 branch of the dungeon, and saw 2 of its levels.

You collected 88 gold pieces.

Inventory:

Hand Weapons
 a - a +0 trident (weapon)
Armour
 b - a +0 scale mail (worn)
 c - a +0 buckler
Scrolls
 f - 2 scrolls of identify {unknown}
 g - 2 scrolls of teleportation {unknown}
Potions
 d - a potion of might
 e - a potion of haste {unknown}


   Skills:
 + Level 3.1 Fighting
 + Level 1.9 Polearms
 + Level 2.8 Armour
 * Level 0.6 Dodging
 + Level 0.4 Stealth
 - Level 2.6 Shields


You had one spell level left.
You didn't know any spells.
Your spell library contained the following spells:

 Spells                   Type           Power      Damage    Failure   Level
 Tukima's Dance           Hex            0%         N/A       99%         3
 Passage of Golubria      Tloc           0%         N/A       100%        4
 Yara's Violent Unravell  Hex/Alch       0%         3d3       100%        5


Dungeon Overview and Level Annotations

Branches:
Dungeon (2/15)

Altars:

Annotations:
D:2 Terence


Innate Abilities, Weirdness & Mutations

A weak demonic guardian rushes to your aid.


Message History

You reach to attack!
You barely miss the bat. The bat barely misses you. x2
You barely miss the bat. The bat hits you but does no damage.
The bat closely misses you.
You hit the bat.
You kill the bat!
No target in view!
No target in view!
No target in view!
No target in view!
No target in view!
No target in view!
You now have 88 gold pieces (gained 14).
Terence the Incautious comes into view.
He is wielding a +0 mace.
Terence shouts!
You reach to attack!
You closely miss Terence. Terence hits you with a +0 mace!
Terence is nearby!
Terence is nearby!
You hit Terence.
Terence is lightly wounded.
Terence hits you with a +0 mace.
Terence is nearby!
You closely miss Terence. You punch Terence, but do no damage.
Terence is lightly wounded.
Terence barely misses you.
You hit Terence.
Terence is moderately wounded.
Terence hits you with a +0 mace.
You are too injured to fight recklessly!
Terence attacks as he pursues you! Terence hits you with a +0 mace.
* * * LOW HITPOINT WARNING * * *
A demonic guardian appears!
Your iron imp hits Terence.
You swap places.
Terence hits you with a +0 mace.
* * * LOW HITPOINT WARNING * * *
Your iron imp closely misses Terence.
You hit Terence but do no damage.
Terence is heavily wounded.
Terence hits you with a +0 mace!
You die...
Terence says, "Rest in peace."

##########
#........#
#........#
##.##........#
.............######
#.####.###........
#....@5#.###########
#.##.#@#.#..<.......
#. #.....#.#...#####
#. #.....#.#...#
#.##...†.#.#...#
.........#.....#
###.###.....>..# #..
#........# ...
#........#
#.###....#


You could see Terence (ally target) and a friendly iron imp (summoned).

Vanquished Creatures
  2 bats
  2 giant cockroaches
  3 hobgoblins (D:1)
  A rat (D:1)
8 creatures vanquished.

Notes
Turn   | Place    | Note
-------+----------+-------------------------------------------
     0 | D:1      | dialectric the Demonspawn Fighter began the quest for the
                  | Orb.
     0 | D:1      | Reached XP level 1. HP: 18/18 MP: 1/1
   630 | D:2      | Gained mutation: A weak demonic guardian rushes to your
                  | aid. [demonic ancestry]
   630 | D:2      | Reached XP level 2. HP: 24/24 MP: 2/2
   648 | D:2      | Noticed Terence
   658 | D:2      | Slain by Terence

Illustrated notes

Levels and vault maps discovered:
D:1:      ebering_trefoil_3fold, layout_basic, minmay_tetromino_o2
D:2:      layout_basic, minmay_misc_feat_enclosed, serial_bayou_pond_d,
          uniq_robin, uniq_terence

Action                     || total
---------------------------++-------
  Melee: Trident           ||    27
         Punch             ||     1
 Armour: Scale mail        ||    16
  Dodge: Dodged            ||    15
